 Dungeon Crawl Stone Soup version 0.15-b1-82-g4aef8f9 (webtiles) character file.

110 JackTrades the Fey Orc (level 4, 0/38 HPs)
             Began as a Hill Orc Death Knight on Aug 16, 2014.
             Was a Believer of Yredelemnul.
             Slain by a gnoll
             ... wielding a +0 halberd
              (11 damage)
             ... on Level 3 of the Dungeon.
             The game lasted 00:08:09 (1818 turns).

JackTrades the Fey Orc (Hill Orc Death Knight)      Turns: 1818, Time: 00:08:09

HP   0/38        AC  6     Str 16      XL: 4   Next: 91%
MP   8/8         EV 12     Int 11      God: Yredelemnul [**....]
Gold 100         SH  0     Dex 10      Spells:  0 memorised,  3 levels left

rFire  . . .     SeeInvis .     a - +1 hand axe
rCold  . . .     Clarity  .     g - +0 scale mail
rNeg   + . .     rCorr    .     (no shield)
rPois  .         rRot     .     (no helmet)
rElec  .         Spirit   .     (no cloak)
SustAb .         Warding  .     (no gloves)
rMut   .         Stasis   .     (no boots)
Gourm  .                        (no amulet)
MR     .....                    i - +4 ring of evasion
                                n - ring of positive energy

@: not resistant to hostile enchantments, extremely unstealthy
A: no striking features
a: Animate Remains, Recall Undead Slaves, Injury Mirror, Renounce Religion


You were on level 3 of the Dungeon.
You worshipped Yredelemnul.
Yredelemnul was pleased with you.
You were hungry.

You visited 1 branch of the dungeon, and saw 3 of its levels.

You collected 100 gold pieces.

Inventory:

Hand weapons
 a - a +1 hand axe (weapon)
Armour
 g - a +0 scale mail (worn)
Comestibles
 c - 2 meat rations
 d - a chunk of quokka flesh
 j - a rotting chunk of adder flesh
 l - a rotting chunk of goblin flesh
 o - 2 bread rations
 q - a rotting chunk of bat flesh
 r - a chunk of adder flesh
Scrolls
 f - 5 scrolls of identify {unknown}
 h - a scroll of recharging {unknown}
 m - a scroll of remove curse {unknown}
 p - a scroll of fear {unknown}
Jewellery
 i - a +4 ring of evasion (right hand)
 n - a ring of positive energy (left hand)
Potions
 b - a potion of degeneration {unknown}
 e - a potion of curing {unknown}
 k - a potion of flight {unknown}
 s - a potion of might


   Skills:
 * Level 3.3 Fighting
 * Level 3.8 Axes
 * Level 1.9 Armour
 + Level 1.5 Dodging
 * Level 4.9 Invocations


You had 3 spell levels left.
You didn't know any spells.

Dungeon Overview and Level Annotations

Branches:
Dungeon (3/15)

Altars:


Message History

You hit the gnoll.
The gnoll is severely wounded.
The gnoll barely misses you.
You closely miss the gnoll.
The gnoll is severely wounded.
The gnoll hits you with a halberd!
* * * LOW HITPOINT WARNING * * *
You closely miss the gnoll.
The gnoll is severely wounded.
The gnoll closely misses you.
You completely miss the gnoll.
The gnoll is severely wounded.
You barely miss the gnoll.
The gnoll is severely wounded.
The gnoll barely misses you.
You hit the gnoll.
The gnoll is severely wounded.
The gnoll hits you with a halberd!
You die...
Your body rises from the dead as a mindless zombie.

##############
########.......@g...#
.......(..##########.#
.####...## #.# #.....#
####.#### ##...##
#.......# ##.##
#.##g##.# #.# #. ....
# #.# #.g#..# ##'## #g
#.##


You could see a gnoll.

Vanquished Creatures
  A gnoll (D:3)
  4 adders (D:2)
  A worm (D:2)
  A giant gecko (D:2)
  4 giant cockroaches
  6 hobgoblins
  3 quokkas
  9 bats
  3 giant newts
  10 goblins
  5 kobolds
  8 rats
55 creatures vanquished.

Vanquished Creatures (collateral kills)
  A worm (D:2)
1 creature vanquished.

Vanquished Creatures (others)
  A goblin zombie (D:2)
  A kobold zombie (D:2)
2 creatures vanquished.

Grand Total: 58 creatures vanquished

Notes
Turn   | Place    | Note
--------------------------------------------------------------
     0 | D:1      | JackTrades, the Hill Orc Death Knight, began the quest for the Orb.
     0 | D:1      | Reached XP level 1. HP: 18/18 MP: 2/2
    83 | D:1      | Reached skill level 4 in Invocations
    83 | D:1      | Reached XP level 2. HP: 23/25 MP: 4/4
   721 | D:1      | Reached XP level 3. HP: 30/30 MP: 6/6
  1005 | D:2      | Reached skill level 1 in Dodging
  1124 | D:2      | Acquired Yredelemnul's second power
  1218 | D:2      | Reached XP level 4. HP: 15/38 MP: 7/7
  1818 | D:3      | Slain by a gnoll

Action                   |  1- 3 |  4- 6 || total
-------------------------+-------+-------++-------
Melee: Hand axe          |   127 |    82 ||   209
Invok: Animate Remains   |     3 |     1 ||     4
  Eat: Chunk             |     1 |     2 ||     3
